 Dungeon Crawl Stone Soup version 0.19.4-8-ga85b6b9 (webtiles) character file.

4848 Kosschaser the Covert (level 10, -1/51 HPs)
             Began as a Vine Stalker Assassin on Feb 11, 2017.
             Was a Priest of Dithmenos.
             Slain by endorz's ghost (17 damage)
             ... on level 7 of the Dungeon.
             The game lasted 01:02:35 (7205 turns).

Kosschaser the Covert (Vine Stalker Assassin)       Turns: 7205, Time: 01:02:35

Health: -1/51      AC:  8    Str: 15    XL:     10   Next: 49%
Magic:  0/11       EV: 15    Int: 11    God:    Dithmenos [***...]
Gold:   799        SH:  0    Dex: 18    Spells: 0 memorised, 9 levels left

rFire  . . .     SeeInvis .     H - +5 dagger (freeze)
rCold  + . .     Gourm    .     c - +0 robe
rNeg   . . .     Faith    .     (no shield)
rPois  .         Spirit   +     (no helmet)
rElec  .         Reflect  .     d - +0 cloak
rCorr  +         Harm     .     A - +2 pair of gloves
MR     ++...                    (no boots)
Stlth  +++++++++.               z - amulet "Zyihuwne" {RegenMP MR+ Slay+4 Stlth+}
                                I - ring of protection from cold
                                m - ring of resist corrosion

@: wreathed by umbra
A: fangs 3, icy blue scales 1, regeneration 1, magic shield, antimagic bite, no
device heal 3, rot immunity, MP-powered wands, sturdy frame 1
a: Shadow Step, Renounce Religion


You were on level 7 of the Dungeon.
You worshipped Dithmenos.
Dithmenos was most pleased with you.
You were not hungry.

You visited 2 branches of the dungeon, and saw 9 of its levels.
You also visited: Ossuary.

You collected 799 gold pieces.

Inventory:

Hand Weapons
 b - a +0 blowgun
 H - a +5 dagger of freezing (weapon)
Missiles
 e - 54 poisoned needles
 u - 5 needles of confusion
 y - a curare-tipped needle
Armour
 c - a +0 robe (worn)
 d - a +0 cloak (worn)
 A - a +2 pair of gloves (worn)
Jewellery
 m - a ring of resist corrosion (left hand)
 n - an uncursed ring of see invisible
 w - an uncursed ring of ice
 z - the amulet "Zyihuwne" (around neck) {RegenMP MR+ Slay+4 Stlth+}
   (You found it on level 4 of the Dungeon)

   [amulet of magic regeneration]

   It increases your magic regeneration.
   It affects your accuracy and damage with ranged weapons and melee attacks
   (+4).
   It affects your resistance to hostile enchantments.
   It makes you more stealthy.
 I - a ring of protection from cold (right hand)
Wands
 k - a wand of slowing (26/48)
Scrolls
 i - 7 scrolls of magic mapping
 j - a scroll of noise
 r - a scroll of enchant armour
 v - 3 scrolls of immolation
 x - a scroll of amnesia {unknown}
 C - 2 scrolls of remove curse {unknown}
Potions
 f - a potion of lignification {unknown}
 h - a potion of flight {unknown}
 o - 4 potions of curing
 p - 3 potions of berserk rage
 B - a potion of invisibility {unknown}
 E - a potion of might
 F - a potion of degeneration {unknown}
 G - a potion of brilliance {unknown}
Comestibles
 a - 9 royal jellies
 g - 6 bread rations
 l - 3 meat rations
 s - 2 beef jerkies
 D - 6 fruits


   Skills:
 + Level 4.4 Fighting
 + Level 6.0 Short Blades
 + Level 4.0 Throwing
 + Level 4.3 Dodging
 + Level 14.5 Stealth
 + Level 0.2 Invocations
 + Level 0.1 Evocations


You had 9 spell levels left.
You didn't know any spells.

Dungeon Overview and Level Annotations

Branches:
Dungeon (8/15)             Temple (1/1) D:5
   Lair: D:8-11

Altars:
Ashenzari
Cheibriados
Dithmenos
Elyvilon
Hepliaklqana
Kikubaaqudgha
Makhleb
Qazlal
Ru
Sif Muna
Trog
Xom
Yredelemnul
Zin
The Shining One

Annotations:
D:7 endorz's ghost, novice TrMo


Innate Abilities, Weirdness & Mutations

You have razor-sharp teeth.
Your natural rate of healing is unusually fast.
When hurt, damage is shared between your health and your magic reserves.
Your bite disrupts and absorbs the magic of your enemies.
Potions and wands cannot restore your health.
You are immune to rotting.
You are partially covered in icy blue scales. (AC +2)
You expend magic power (3 MP) to strengthen your wands.
Your movements are slightly less encumbered by armour. (ER -2)


Message History

You closely miss endorz's ghost. Endorz's ghost hits you!
You hit endorz's ghost but do no damage.
Endorz's ghost hits you!!
The killer bee buzzes angrily.
The killer bee completely misses you. The killer bee stings you.
As you read the scroll of fear, it crumbles to dust.
You assume a fearsome visage.
The killer bee looks frightened!
Endorz's ghost is unaffected.
Endorz's ghost hits you!!
* * * LOW HITPOINT WARNING * * *
Endorz's ghost keens inconsolably.
The killer bee misses you.
You puncture the killer bee! You freeze the killer bee.
Your bite misses the killer bee.
The killer bee is severely wounded.
The killer bee barely misses you.
You puncture the killer bee! You freeze the killer bee.
You kill the killer bee!
Dithmenos accepts your kill. Endorz's ghost hits you!!
You die...

### ##############
#.. #............#
#.. #.##########.#
#.. #.# #.# #..
#.# #.# #.. #W#
#.# #.. #@# #.#
#.. #†# ###.# #..
#.# #>..# #.. #.#
#...# #.. #.#
#...# ### #.#
#...#
#.########...#####
#........#........
########.#.#.#####


You could see endorz's ghost.

Vanquished Creatures
  A deep elf mage (D:8)
  A hornet (D:8)
  Sigmund (D:2)
  2 soldier ants (D:8)
  Edmund (D:3)
  Duvessa (D:7)
  2 sky beasts
  3 ice beasts
  4 phantoms
  5 ogres
  A necrophage (D:8)
  An elf zombie (D:6)
  4 bullfrogs
  3 elf skeletons (D:6)
  3 scorpions
  Dowan (D:7)
  5 killer bees (D:7)
  8 wights
  A jelly (D:8)
  A bullfrog zombie (D:5)
  4 hounds
  6 orc priests
  A human skeleton (D:6)
  A centaur zombie (D:5)
  3 orc wizards
  Terence (D:2)
  A bullfrog skeleton (D:5)
  3 iguanas
  4 worker ants
  A killer bee zombie (D:7)
  A big kobold zombie (Ossuary)
  8 mummies (Ossuary)
  4 gnolls
  8 adders
  A shadow imp (D:5)
  An ooze (D:6)
  5 worms
  A dart slug (D:1)
  3 leopard geckos
  21 orcs
  2 giant cockroaches
  6 hobgoblins
  14 jackals
  8 kobolds
  5 quokkas
  4 ball pythons
  4 bats
  8 frilled lizards
  A gnoll zombie (Ossuary)
  8 goblins
  2 hobgoblin zombies (Ossuary)
  2 kobold zombies (Ossuary)
  3 orc zombies
  A quokka zombie (D:6)
  6 rats
201 creatures vanquished.

Notes
Turn   | Place    | Note
-------+----------+-------------------------------------------
     0 | D:1      | Kosschaser the Vine Stalker Assassin began the quest for the Orb.
     0 | D:1      | Reached XP level 1. HP: 11/11 MP: 2/2
    48 | D:1      | Reached skill level 5 in Stealth
    78 | D:1      | Reached XP level 2. HP: 5/15 MP: 3/3
   671 | D:1      | Reached XP level 3. HP: 18/18 MP: 4/4
   728 | D:2      | Noticed Terence
   746 | D:2      | Killed Terence
   746 | D:2      | Reached skill level 1 in Dodging
   746 | D:2      | Reached skill level 6 in Stealth
   775 | D:2      | Gained mutation: Your natural rate of healing is unusually fast. [Vine Stalker growth]
   775 | D:2      | Reached XP level 4. HP: 23/23 MP: 5/5
  1190 | D:2      | Noticed Sigmund
  1194 | D:2      | Killed Sigmund
  1194 | D:2      | Reached skill level 7 in Stealth
  1194 | D:2      | Reached XP level 5. HP: 26/26 MP: 6/6
  1194 | D:2      | Reached XP level 6. HP: 30/30 MP: 7/7
  1323 | D:3      | Reached skill level 8 in Stealth
  1956 | D:4      | Noticed Edmund
  2149 | D:4      | Reached skill level 9 in Stealth
  2156 | D:4      | Reached XP level 7. HP: 35/35 MP: 8/8
  2432 | D:3      | Killed Edmund
  2568 | D:4      | Got an ancient iron amulet
  2596 | D:4      | Found a basalt altar of Yredelemnul.
  2644 | D:4      | You fall through a shaft!
  2644 | D:5      | Entered Level 5 of the Dungeon
  2662 | D:5      | Found a staircase to the Ecumenical Temple.
  2715 | Temple   | Entered the Ecumenical Temple
  2747 | Temple   | Became a worshipper of Dithmenos the Shadowed
  2882 | D:4      | Identified the amulet "Zyihuwne" {RegenMP MR+ Slay+4 Stlth+} (You found it on level 4 of the Dungeon)
  2895 | D:4      | Gained mutation: You are partially covered in icy blue scales. (AC +2) [potion of mutation]
  2895 | D:4      | Gained mutation: Your movements are slightly less encumbered by armour. (ER -2) [potion of mutation]
  2895 | D:4      | Gained mutation: You expend magic power (3 MP) to strengthen your wands. [potion of mutation]
  3258 | D:4      | Found a snail-covered altar of Cheibriados.
  3290 | D:5      | Found a glowing silver altar of Zin.
  3292 | D:5      | Reached * piety under Dithmenos
  3296 | D:5      | Gained mutation: You have razor-sharp teeth. [Vine Stalker growth]
  3296 | D:5      | Reached XP level 8. HP: 39/39 MP: 9/9
  3366 | D:5      | Found a stormy altar of Qazlal.
  3550 | D:5      | Reached skill level 10 in Stealth
  3614 | D:5      | Found an ancient bone altar of Kikubaaqudgha.
  3828 | D:6      | Found a sand-covered staircase.
  3833 | Ossuary  | Entered an ossuary
  3949 | Ossuary  | Reached ** piety under Dithmenos
  4094 | D:6      | Reached skill level 11 in Stealth
  4152 | D:6      | Reached XP level 9. HP: 44/44 MP: 10/10
  4324 | D:6      | Reached skill level 12 in Stealth
  4799 | D:7      | Noticed endorz's ghost (novice TrMo)
  5328 | D:7      | Noticed Dowan
  5332 | D:7      | Noticed Duvessa
  5333 | D:7      | Killed Dowan
  5521 | D:8      | Noticed a hornet
  5539 | D:8      | Paralysed by a hornet for 1 turns
  5652 | D:8      | Reached skill level 13 in Stealth
  5722 | D:8      | Noticed a deep elf mage
  5726 | D:8      | Killed a deep elf mage
  5726 | D:8      | Reached skill level 5 in Short Blades
  5996 | D:8      | Reached XP level 10. HP: 44/49 MP: 11/11
  6120 | D:8      | Reached skill level 14 in Stealth
  6407 | D:8      | Reached *** piety under Dithmenos
  6718 | D:7      | Killed Duvessa
  7205 | D:7      | Slain by endorz's ghost

Skill      XL: |  1  2  3  4  5  6  7  8  9 10 |
---------------+-------------------------------+-----
Short Blades   | 2 3 5 6 |  6.0
Stealth        | 5 6 7 9 11 13 14 | 14.5
Throwing       | 2 3 4 |  4.0
Dodging        | 1 2 3 4 |  4.3
Fighting       | 2 3 4 |  4.4
Invocations    | |  0.2
Evocations     | |  0.1

Action                   |  1- 3 |  4- 6 |  7- 9 | 10-12 || total
-------------------------+-------+-------+-------+-------++-------
Melee: Dagger            |    61 |    79 |   310 |   108 ||   558
       Bite              |    15 |    18 |    94 |    29 ||   156
 Fire: Blowgun           |       |    13 |    37 |     9 ||    59
Invok: Shadow Step       |       |       |       |     2 ||     2
Evoke: Wand              |       |       |     1 |       ||     1
  Use: Scroll            |       |     2 |    18 |     5 ||    25
       Potion            |       |       |     2 |     1 ||     3
 Stab: Sleeping          |     7 |    11 |    41 |     4 ||    63
       Distracted        |       |       |       |     3 ||     3
  Eat: Bread ration      |       |     1 |       |     1 ||     2
       Fruit             |       |       |     5 |       ||     5
       Pizza             |       |       |     1 |     1 ||     2
       Beef jerky        |       |       |     1 |     1 ||     2
       Royal jelly       |       |       |     2 |       ||     2
Armor: Robe              |    16 |    12 |    50 |    14 ||    92
Dodge: Dodged            |    35 |    36 |   184 |    90 ||   345
